Get step-by-step instructions on how to execute this build order below. Start the game timer, and the build order will tick by so you can play in parallel with StarCraft on a second screen or mobile device.

Game Time

  0:00

Last Step

  N/A

Next Step

Upcoming Step



Don't want to look back and forth between 2 screens? Try out our Overwolf App, the Spawning Tool Build Advisor to get an in-game overlay with this build!

Complete Build Order

  12  0:02  Probe  
  12  0:14  Probe  
  12  0:21  Pylon  
  12  0:26  Probe  
  12  0:39  Probe (Chrono Boost)  
  12  0:40  Gateway  
  12  0:47  Assimilator  
  12  0:51  Probe (Chrono Boost)  
  12  1:00  Probe (Chrono Boost)  
  12  1:06  Probe (Chrono Boost)  
  12  1:18  Probe (Chrono Boost)  
  12  1:23  Probe (Chrono Boost)  
  12  1:30  Nexus  
  12  1:39  Cybernetics Core  
  12  1:44  Assimilator  
  12  1:48  Probe  
  12  1:54  Pylon  
  12  2:00  Probe  
  12  2:12  Probe, Adept (Chrono Boost)  
  12  2:18  Stargate  
  12  2:24  Probe  
  12  2:26  Warp Gate  
  12  2:35  Adept  
  12  2:36  Probe  
  12  2:41  Probe  
  12  2:48  Probe  
  12  2:54  Probe  
  12  3:00  Oracle (Chrono Boost), Probe  
  12  3:06  Probe  
  12  3:12  Gateway  
  12  3:13  Probe  
  12  3:18  Probe  
  12  3:19  Adept  
  12  3:24  Pylon  
  12  3:25  Probe  
  12  3:30  Probe  
  12  3:37  Probe  
  12  3:42  Probe  
  12  3:45  Void Ray (Chrono Boost)  
  12  3:49  Probe  
  12  3:50  Pylon  
  12  3:54  Probe  
  12  4:01  Probe  
  12  4:04  Nexus  
  12  4:07  Probe  
  12  4:12  Shield Battery  
  12  4:13  Probe  
  12  4:19  Probe  
  12  4:20  Oracle  
  12  4:26  Assimilator, Probe  
  12  4:27  Assimilator  
  12  4:31  Probe  
  12  4:34  Twilight Council, Forge  
  12  4:38  Probe  
  12  4:46  Robotics Facility  
  12  4:51  Pylon  
  12  4:52  Pylon  
  12  5:00  Protoss Ground Weapons Level 1 (Chrono Boost)  
  12  5:09  Probe x2  
  12  5:11  Charge  
  12  5:17  Gateway x2  
  12  5:19  Gateway  
  12  5:20  Gateway, Probe (Chrono Boost)  
  12  5:21  Probe x2 (Chrono Boost)  
  12  5:30  Probe x3 (Chrono Boost)  
  12  5:34  Probe (Chrono Boost)  
  12  5:35  Templar Archives, Probe x2  
  12  5:41  Pylon  
  12  5:45  Immortal (Chrono Boost)  
  12  5:46  Probe  
  12  5:47  Probe x2  
  12  5:58  Probe  
  12  5:59  Probe x2  
  12  6:05  Assimilator, Psionic Storm  
  12  6:07  Assimilator, Pylon  
  12  6:10  Probe, Pylon  
  12  6:11  Probe x2  
  12  6:17  Immortal (Chrono Boost)  
  12  6:26  Shield Battery  
  12  6:27  Photon Cannon  
  12  6:29  Shield Battery  
  12  6:31  Photon Cannon  
  12  6:34  High Templar  
  12  6:35  High Templar  
  12  6:43  Gateway  
  12  6:44  Gateway  
  12  6:45  High Templar  
  12  6:46  Pylon  
  12  6:53  Immortal (Chrono Boost)  
  12  7:03  Robotics Facility  
  12  7:12  Gateway  
  12  7:14  Gateway  
  12  7:18  Warp Prism (Chrono Boost)  
  12  7:26  Nexus  
  12  7:29  Pylon  
  12  7:33  High Templar x3, Pylon  
  12  7:44  Pylon  
  12  7:45  Photon Cannon, Immortal (Chrono Boost)  
  12  7:46  Photon Cannon  
  12  7:48  Photon Cannon  
  12  7:52  Photon Cannon x2  
  12  7:53  Photon Cannon  
  12  7:55  Photon Cannon  
  12  7:58  Shield Battery  
  12  8:00  Shield Battery  
  12  8:03  High Templar x2  
  12  8:07  Immortal (Chrono Boost)  
  12  8:21  Probe x3  
  12  8:30  Assimilator  
  12  8:33  Assimilator, Probe  
  12  8:35  Fleet Beacon  
  12  8:36  Stargate  
  12  8:37  Stargate  
  12  9:04  Zealot x10